 Dungeon Crawl Stone Soup version 0.30-a0-389-g8d7d949f56 (webtiles) character file.

Game seed: 42064327687542716

4597 NinjaNoafa the Skirmisher (level 10, -5/41 HPs)
             Began as a Spriggan Hunter on Dec 3, 2022.
             Was a Follower of Hepliaklqana.
             Slain by a wight
             ... wielding a +5 short sword
              (9 damage)
             ... on level 7 of the Dungeon.
             The game lasted 00:20:20 (8111 turns).

NinjaNoafa the Skirmisher (Spriggan Hunter)         Turns: 8111, Time: 00:20:21

Health: -5/41      AC:  7    Str:  9    XL:     10   Next: 19%
Magic:  11/11      EV: 28    Int: 18    God:    Hepliaklqana [*.....]
Gold:   507        SH:  0    Dex: 22    Spells: 9/9 levels left

rFire   + . .      SeeInvis +    P - +0 falchion of the Abyss {vorpal, rPois Str+2}
rCold   + . .      Faith    .    (no shield)
rNeg    + . .      Spirit   .    H - +0 steam dragon scales
rPois   +          Reflect  .    G - +2 hat
rElec   .          Harm     .    F - scarf {rC+ rF+}
rCorr   .          Rampage  .    (gloves unavailable)
Will    +....                    (boots unavailable)
Stlth   +++.......               (no amulet)
HPRegen 0.26/turn                D - ring of positive energy
MPRegen 0.12/turn                k - +6 ring of intelligence

@: very quick
A: reduced essence, very small, no large weapons, unfitting armour, see
invisible, speed 3
a: Renounce Religion, Recall Ancestor, Ancestor Identity


You were on level 7 of the Dungeon.
You worshipped Hepliaklqana.
Hepliaklqana was aware of your devotion.
You visited 2 branches of the dungeon, and saw 9 of its levels.
You also visited: Sewer.

You collected 507 gold pieces.

Inventory:

Hand Weapons
 a - a +0 shortbow
 b - a +2 dagger of venom
 P - the +0 falchion of the Abyss (weapon) {vorpal, rPois Str+2}
   (You found it on level 7 of the Dungeon)

   It inflicts extra damage upon your enemies.
   Str:       It affects your strength (+2).
   rPois:     It protects you from poison.
Missiles
 d - 62 stones
 i - 2 datura-tipped darts
 o - 4 boomerangs (quivered)
 I - 2 boomerangs of dispersal
 L - 5 atropa-tipped darts
Armour
 F - a scarf of resistance (worn)
 G - a +2 hat (worn)
 H - +0 steam dragon scales (worn)
 N - a +1 robe of willpower
Jewellery
 c - a ring of protection from cold
 k - a +6 ring of intelligence (right hand)
 s - a ring of protection from cold
 D - a ring of positive energy (left hand)
 S - a ring of flight
Wands
 v - a wand of digging (12)
 J - a wand of light (5)
 R - a wand of iceblast (4)
Scrolls
 f - 2 scrolls of butterflies
 g - 4 scrolls of teleportation
 h - 3 scrolls of noise
 j - 2 scrolls of fear {unknown}
 p - a scroll of magic mapping {unknown}
 q - 2 scrolls of identify {unknown}
 r - 2 scrolls of vulnerability {unknown}
 t - 2 scrolls of enchant weapon {unknown}
 x - 5 scrolls of poison {unknown}
 y - a scroll of torment {unknown}
 C - 2 scrolls of enchant armour {unknown}
 K - a scroll of blinking {unknown}
 O - a scroll of amnesia {unknown}
 Q - a scroll of silence {unknown}
Potions
 e - 2 potions of might
 l - a potion of flight {unknown}
 m - 3 potions of curing
 n - 6 potions of resistance {unknown}
 u - 2 potions of lignification {unknown}
 w - 6 potions of heal wounds {unknown}
 z - a potion of haste {unknown}
 A - a potion of invisibility {unknown}
 B - 3 potions of mutation {unknown}
 E - a potion of cancellation {unknown}
 M - 2 potions of ambrosia {unknown}


   Skills:
 - Level 1.5 Fighting
 * Level 12.4 Ranged Weapons
 + Level 11.5 Dodging
 - Level 5.0 Stealth


You had 9 spell levels left.
You didn't know any spells.
Your spell library contained the following spells:

 Spells                   Type           Power      Damage    Failure   Level
 Petrify                  Tmut/Erth      0%         N/A       91%         4
 Alistair's Intoxication  Tmut/Pois      0%         N/A       99%         5
 Borgnjor's Vile Clutch   Necr/Erth      0%         N/A       99%         5
 Metabolic Englaciation   Hex/Ice        0%         N/A       99%         5
 Eringya's Noxious Bog    Tmut/Pois      0%         N/A       100%        6
 Statue Form              Tmut/Erth      0%         N/A       100%        6


Dungeon Overview and Level Annotations

Branches:
Dungeon (8/15)             Temple (1/1) D:6           Sewer (visited)
   Lair: D:8-11

Altars:
Cheibriados
Dithmenos
Elyvilon
Gozag
Hepliaklqana
Kikubaaqudgha
Makhleb
Nemelex Xobeh
Okawaru
Qazlal
Ru
Sif Muna
Trog
Uskayaw
Vehumet
Xom
Yredelemnul
The Shining One

Shops:
D:3 (   D:8 :

Portals:
Abyss: D:3

Annotations:
D:3 2 transporters, baller8008's ghost, amateur DjCj


Innate Abilities, Weirdness & Mutations

Your life essence is reduced to manifest your ancestor. (-10% HP)
You are very small and have problems with some larger weapons.
You are too small for most types of armour.
You have supernaturally acute eyesight. (SInv)
You cover ground extremely quickly. (Speed+++)


Message History

You hit the yak but do no damage.
The yak is poisoned.
The yak is moderately wounded.
Tediore barely misses the yak.
The yak misses you.
The yak gores Tediore!
You closely miss the yak.
The yak is moderately wounded.
Tediore hits the yak.
The yak barely misses you.
The yak gores Tediore.
You barely miss the yak.
The yak is heavily wounded.
Tediore hits the yak!
The yak completely misses you.
The yak gores Tediore.
You barely miss the yak.
The yak is severely wounded.
Tediore hits the yak!
The yak gores Tediore!
Tediore is destroyed!
The yak bellows!
You hit the yak but do no damage.
The yak looks as sick as possible!
The yak is almost dead.
You hear an angry hiss.
The yak gores you.
A wyvern comes into view.
You hear an angry buzzing noise.
You kill the yak!
Your +2 dagger of venom stops dripping with poison.
You feel stronger.
P - the +0 falchion of the Abyss (weapon)
{vorpal, rPois Str+2} You barely miss the yak.
The yak completely misses you.
You barely miss the yak. The yak misses you. x2
You barely miss the yak. The yak gores you!
You hit the yak.
The yak is lightly wounded.
The yak gores you!
* * * LOW HITPOINT WARNING * * *
You hit the yak.
The yak is lightly wounded.
The yak gores you!
* * * LOW HITPOINT WARNING * * *
The yak barely misses you.
There is a stone staircase leading up here.
You climb upwards.
The wight hits you with a +5 short sword!
You die...

#####################
#...................#
##########.#####..##########.##
#[.........## #..# ######..<###
#.#.........# #z.# #...........
#.#.#######.####..#
#.####...###
#....######......z####.#####<##
#.............##@............#
.....######...###.############
....## #...# #z###############
#.### #...# #..............>#
#.# #...# ###############.# #.#
#...# #.# #.#########...# #.#
#.............# #..
#.#########.#.# #.#


You could see 3 wights.

Vanquished Creatures
  Maggie (D:6)
  Joseph (D:7)
  Grinder (D:4)
  A wyvern (D:7)
  7 yaks
  A water moccasin (D:6)
  2 ice beasts (D:6)
  An orc warrior (D:7)
  An ogre (D:5)
  2 centaurs
  2 phantoms (D:4)
  A bullfrog (D:7)
  3 necrophages
  4 scorpions
  4 wights
  A howler monkey (D:8)
  3 jellies
  6 orc priests
  4 hounds
  Crazy Yiuf (D:6)
  3 iguanas
  7 orc wizards
  A hell rat (Sewer)
  10 adders
  2 shadow imps
  2 white imps (D:5)
  3 ufetubi
  5 worms
  5 dart slugs
  25 orcs
  4 bats
  11 endoplasms
  2 giant cockroaches
  10 goblins
  17 hobgoblins
  6 quokkas
  12 ball pythons
  3 frilled lizards
  6 kobolds
  11 rats
192 creatures vanquished.

Vanquished Creatures (collateral kills)
  A bullfrog (D:8)
  A wight (D:8)
  An orc priest (D:8)
  2 orcs (D:8)
5 creatures vanquished.

Vanquished Creatures (others)
  2 ancestors
  6 plants
8 creatures vanquished.

Grand Total: 205 creatures vanquished

Notes
Turn   | Place    | Note
-------+----------+-------------------------------------------
     0 | D:1      | NinjaNoafa the Spriggan Hunter began the quest for the Orb.
     0 | D:1      | Reached XP level 1. HP: 10/10 MP: 2/2
    71 | D:1      | Reached XP level 2. HP: 11/14 MP: 3/3
   852 | D:2      | Reached XP level 3. HP: 18/18 MP: 4/4
   947 | D:2      | Reached XP level 4. HP: 22/22 MP: 5/5
  1162 | D:2      | Reached skill level 5 in Stealth
  1468 | D:3      | Found a transporter.
  1486 | D:3      | Found a transporter.
  1735 | D:3      | Reached XP level 5. HP: 12/25 MP: 6/6
  1916 | D:3      | Found Yggugg's Antique Weapon Boutique.
  2136 | D:3      | Found a one-way gate to the infinite horrors of the Abyss.
  2136 | D:3      | Noticed baller8008's ghost (amateur DjCj)
  2140 | D:3      | Reached skill level 5 in Ranged Weapons
  2154 | D:3      | Noticed a small abomination
  2354 | D:4      | Noticed a centaur
  2366 | D:4      | Killed a centaur
  2367 | D:4      | Reached skill level 5 in Dodging
  2367 | D:4      | Reached XP level 6. HP: 12/30 MP: 7/7
  2449 | D:4      | Noticed Grinder
  2471 | D:4      | Paralysed by Grinder for 2 turns
  2485 | D:4      | Killed Grinder
  2486 | D:4      | Reached skill level 6 in Ranged Weapons
  2486 | D:4      | Reached XP level 7. HP: 26/33 MP: 8/8
  2532 | D:4      | Identified the +1 flail of the Desolation of Salt {elec,
                  | Int+4 Dex+2 SInv}
  2550 | D:4      | Found a glowing drain.
  2653 | Sewer    | Entered a sewer
  3058 | D:4      | Reached skill level 7 in Ranged Weapons
  3560 | D:5      | Entered Level 5 of the Dungeon
  3698 | D:5      | Reached skill level 8 in Ranged Weapons
  3704 | D:5      | Reached XP level 8. HP: 29/37 MP: 9/9
  4501 | D:6      | Found a staircase to the Ecumenical Temple.
  4510 | Temple   | Entered the Ecumenical Temple
  4758 | Temple   | Became a worshipper of Hepliaklqana the Forgotten
  4782 | D:6      | Reached skill level 9 in Ranged Weapons
  4981 | D:6      | Noticed Maggie
  5006 | D:6      | Killed Maggie
  5416 | D:6      | Reached skill level 10 in Ranged Weapons
  5416 | D:6      | Reached XP level 9. HP: 41/41 MP: 10/10
  5570 | D:6      | Found a runed translucent door.
  5571 | D:6      | Noticed Crazy Yiuf
  5589 | D:6      | Killed Crazy Yiuf
  5941 | D:6      | Reached skill level 10 in Dodging
  5980 | D:6      | Reached skill level 11 in Ranged Weapons
  6643 | D:7      | Noticed Joseph
  6827 | D:7      | Identified the +0 falchion of the Abyss {vorpal, rPois
                  | Str+2}
  7221 | D:7      | Reached * piety under Hepliaklqana
  7405 | D:7      | Killed Joseph
  7406 | D:7      | Reached skill level 12 in Ranged Weapons
  7406 | D:7      | Reached XP level 10. HP: 24/41 MP: 11/11
  7946 | D:8      | Found Vishriar's Book Boutique.
  8096 | D:8      | HP: 2/41 [yak (11)]
  8111 | D:7      | Slain by a wight

Illustrated notes

Levels and vault maps discovered:
D:1:      lightli_iron_boxes, layout_basic, minmay_tromino_v7
D:2:      layout_rooms
D:3:      cheibrodos_greedy_goblins, layout_basic,
          gammafunk_ghost_abyssal_escape, serial_shops, nicolae_shop_crystal,
          dk_noncrumbling_4, kennysheep_small_spiral
D:4:      layout_basic, cheibrodos_sewer_entry_sluice, minmay_hedge_maze,
          guppyfry_early_lair_pool, uniq_grinder
D:5:      layout_basic
D:6:      kennysheep_spiral_hall, layout_rooms, minmay_temple_entry_overgrown,
          uniq_maggie, uniq_crazy_yiuf_cottage
D:7:      layout_loops_ring, uniq_joseph
D:8:      layout_rooms, nzn_wu_jian_council_hall, serial_shops, shop_fountains
Temple:   eino_narrow_crystal_temple

Skill      XL: |  1  2  3  4  5  6  7  8  9 |
---------------+----------------------------+-----
Stealth        | 2 3 4 5 |  5.0
Dodging        | 3 4 5 6 7 9 11 | 11.5
Ranged Weapons | 5 6 8 10 12 | 12.4
Fighting       | |  1.5

Action                   |  1- 3 |  4- 6 |  7- 9 | 10-12 || total
-------------------------+-------+-------+-------+-------++-------
Melee: Dagger            |       |     8 |    36 |     7 ||    51
       Shortbow          |       |       |     3 |       ||     3
       Punch             |       |       |     1 |       ||     1
       Falchion          |       |       |       |     5 ||     5
 Fire: Shortbow          |    76 |   116 |   476 |    60 ||   728
Throw: Boomerang         |       |     3 |       |       ||     3
Invok: Ancestor Identity |       |       |     1 |       ||     1
  Use: Scroll            |       |     1 |     7 |       ||     8
       Potion            |       |       |     3 |       ||     3
Armor: Robe              |       |     6 |     8 |       ||    14
       Steam dragon scal |       |       |     6 |     1 ||     7
Dodge: Dodged            |    19 |    56 |   216 |    14 ||   305

Table legend: (Time is in decaauts)
 A = Elapsed time spent in this place.
 B = Non-inter-level travel time spent in this place.
 C = Inter-level travel time spent in this place.
 D = Time resting spent in this place.
 E = Time spent auto-exploring this place.
 F = Levels seen in this place.
 G = Mean time per level.
                   A        B        C        D        E       F      G
               +--------+--------+--------+--------+--------+-----+--------+
         Total |   6051 |   5622 |    429 |    180 |   3673 |  10 |  605.1 |
       Dungeon |   5735 |   5320 |    415 |    180 |   3481 |   8 |  716.9 |
        Temple |    161 |    147 |     14 |      0 |    112 |   1 |  161.0 |
         Sewer |    155 |    155 |      0 |      0 |     78 |   1 |  155.0 |
               +--------+--------+--------+--------+--------+-----+--------+

Top non-repeatable levels by time:
     D:6: 1417 daAuts
     D:4: 852 daAuts
     D:7: 791 daAuts
     D:3: 746 daAuts
     D:5: 695 daAuts
     D:1: 559 daAuts
     D:2: 379 daAuts
     D:8: 293 daAuts
  Temple: 161 daAuts
   Sewer: 155 daAuts
